Map: Cerulean Fall LE

Players

BomberMan

  • Race: Protoss Protoss
  • League: Master
  • Spawn Location: 1:00

sirshane - Winner!

  • Race: Zerg Zerg
  • League: Master
  • Spawn Location: 7:00

VOD

Have the link to the VOD?

Description

Time

  • Played on: Sept. 16, 2018, 5:42 a.m.
  • Length: 18:39
Show
View Real Time Build Order
Export as new Build Order

BomberMan Protoss 

Build Orders: 1 Gate Expand, Oracle Opening 

Get SALT Encoding   

  12  0:01  Probe  
  13  0:13  Probe  
  14  0:20  Pylon  
  14  0:25  Probe  
  15  0:35  Probe  
  16  0:44  Gateway, Probe  
  17  0:52  Probe  
  17  0:54  Assimilator  
  18  1:04  Probe  
  19  1:24  Nexus  
  19  1:30  Zealot  
  19  1:35  Cybernetics Core  
  21  1:46  Pylon  
  21  1:49  Probe  
  22  1:57  Assimilator  
  22  2:01  Probe  
  23  2:11  Adept  
  23  2:13  Probe  
  25  2:25  Probe  
  26  2:33  Warp Gate  
  26  2:37  Stargate, Probe  
  26  2:39  Probe  
  28  2:49  Probe  
  28  2:51  Probe  
  30  2:52  Adept  
  32  3:01  Probe  
  32  3:03  Probe  
  34  3:11  Oracle  
  34  3:13  Probe  
  34  3:15  Shield Battery, Probe  
  36  3:25  Probe  
  40  3:27  Probe  
  41  3:37  Probe  
  41  3:39  Probe  
  43  3:44  Pylon  
  43  3:46  Pylon  
  43  3:48  Oracle  
  46  4:02  Probe x2  
  48  4:14  Probe x2  
  48  4:22  Stargate  
  48  4:25  Assimilator  
  48  4:26  Probe x2  
  48  4:27  Assimilator  
  50  4:38  Forge, Probe  
  50  4:42  Oracle  
  54  4:49  Nexus  
  54  4:52  Pylon  
  54  4:54  Pylon  
  54  4:56  Gateway  
  54  4:58  Gateway  
  50  5:14  Probe  
  50  5:17  Adept  
  50  5:19  Oracle  
  56  5:22  Probe  
  57  5:43  Oracle  
  57  5:47  Probe x2  
  62  5:51  Oracle  
  62  5:55  Protoss Ground Weapons Level 1  
  62  5:59  Probe  
  62  6:00  Pylon x2  
  62  6:02  Probe x2  
  62  6:03  Shield Battery  
  68  6:04  Shield Battery, Pylon  
  68  6:05  Shield Battery  
  68  6:10  Twilight Council  
  69  6:11  Probe  
  69  6:14  Probe x2  
  69  6:15  Oracle  
  71  6:18  Assimilator  
  71  6:23  Assimilator, Probe  
  75  6:26  Probe x2  
  74  6:35  Adept  
  74  6:38  Oracle  
  79  6:40  Probe  
  79  6:41  Probe x2  
  79  6:46  Resonating Glaives  
  82  6:50  Adept x2  
  82  6:52  Probe  
  82  6:53  Probe  
  82  6:54  Probe  
  89  7:04  Probe  
  89  7:06  Probe x2  
  89  7:07  Pylon  
  92  7:10  Pylon  
  92  7:13  Pylon  
  92  7:14  Fleet Beacon  
  92  7:16  Probe  
  92  7:18  Probe  
  88  7:40  Probe  
  88  7:43  Probe  
  84  7:49  Probe  
  84  7:50  Carrier x2  
  85  8:02  Nexus, Graviton Catapult  
  85  8:04  Protoss Air Weapons Level 1  
  85  8:05  Pylon  
  97  8:06  Probe x2  
  97  8:08  Probe  
  97  8:10  Assimilator  
  100  8:13  Pylon  
  100  8:14  Assimilator  
  100  8:15  Pylon  
  100  8:18  Probe x2  
  102  8:37  Adept x3  
  108  8:41  Probe  
  108  8:46  Probe  
  110  9:05  Carrier  
  110  9:08  Carrier, Probe  
  105  9:10  Protoss Ground Weapons Level 2  
  105  9:13  Probe  
  112  9:17  Probe  
  112  9:18  Probe  
  128  9:24  Mothership  
  128  9:28  Probe  
  129  9:31  Probe  
  129  9:33  Adept  
  129  9:34  Adept x2  
  136  9:41  Probe  
  136  9:45  Stargate, Probe  
  138  9:47  Stargate  
  138  9:53  Probe  
  138  9:55  Probe  
  140  10:03  Probe  
  139  10:09  Protoss Air Weapons Level 2  
  139  10:11  Probe  
  138  10:16  Carrier x2  
  134  10:23  Carrier  
  134  10:25  Carrier  
  130  10:31  Nexus  
  130  10:32  Probe  
  155  10:37  Pylon  
  155  10:38  Pylon  
  155  10:39  Photon Cannon  
  155  10:40  Photon Cannon  
  155  10:41  Probe  
  156  10:43  Photon Cannon  
  156  10:46  Photon Cannon  
  156  10:48  Photon Cannon, Pylon  
  156  10:52  Shield Battery, Pylon  
  156  10:54  Pylon  
  156  10:55  Adept x3  
  156  10:56  Pylon  
  157  11:04  Probe  
  118  11:19  Probe x3  
  118  11:20  Probe  
  122  11:31  Probe x2  
  124  11:36  Protoss Shields Level 1  
  124  11:37  Probe  
  125  11:42  Pylon  
  125  11:45  Photon Cannon  
  137  11:47  Photon Cannon  
  126  11:54  Probe x2  
  126  11:55  Carrier  
  133  12:04  Robotics Facility  
  133  12:06  Probe x3  
  136  12:08  Probe  
  136  12:09  Probe  
  138  12:18  Probe  
  140  12:22  Probe  
  140  12:24  Probe  
  133  12:44  Nexus  
  131  12:46  Observer  
  114  12:51  Adept x3  
  102  13:11  Void Ray  
  88  13:33  Cybernetics Core  
  88  13:54  Void Ray  
  86  14:10  Adept  
  86  14:11  Adept  
  88  14:32  Adept x2  
  80  14:58  Void Ray  
  82  15:30  Adept  
  82  15:31  Adept  
  82  15:33  Void Ray  
  66  16:12  Void Ray  
  70  16:31  Assimilator  
Show
View Real Time Build Order
Export as new Build Order

sirshane Zerg - Winner!

Build Orders: Pool First 

Get SALT Encoding   

  12  0:00  Drone  
  13  0:09  Extractor  
  13  0:10  Drone  
  13  0:30  Spawning Pool  
  13  0:33  Drone  
  13  0:38  Drone  
  14  0:49  Overlord  
  14  1:08  Drone  
  14  1:10  Drone  
  17  1:18  Zergling x2  
  17  1:19  Queen  
  17  1:22  Drone  
  20  1:31  Overlord  
  20  1:52  Hatchery  
  19  2:00  Lair  
  19  2:11  Drone x3  
  22  2:23  Drone  
  22  2:28  Drone x2  
  22  2:29  Drone  
  26  2:35  Overlord  
  25  2:47  Overlord  
  25  2:57  Drone  
  26  2:59  Queen  
  26  3:05  Drone  
  29  3:08  Drone  
  29  3:09  Hydralisk Den  
  29  3:13  Drone x3  
  29  3:16  Spore Crawler, Drone  
  32  3:21  Spore Crawler  
  31  3:29  Spore Crawler  
  29  3:38  Hydralisk  
  30  3:47  Zergling x4  
  33  3:49  Hydralisk  
  33  3:52  Drone x4  
  39  3:56  Drone  
  40  4:05  Drone x2, Extractor  
  41  4:15  Drone x2  
  43  4:24  Zergling x2  
  43  4:25  Zergling x4  
  43  4:29  Drone x2  
  43  4:31  Drone, Hatchery  
  48  4:38  Queen  
  48  4:40  Drone x2  
  52  4:53  Overlord x2  
  49  5:09  Hydralisk  
  49  5:10  Hydralisk x2  
  49  5:12  Overlord x2  
  52  5:15  Drone  
  52  5:16  Drone x3  
  56  5:23  Grooved Spines, Zergling x2  
  56  5:27  Hydralisk  
  59  5:32  Drone  
  60  5:41  Drone  
  59  5:43  Hydralisk  
  59  5:48  Zergling x8  
  65  5:52  Drone x3  
  65  5:53  Drone  
  65  5:56  Extractor  
  68  6:00  Drone  
  68  6:01  Spore Crawler, Drone x2  
  70  6:07  Hydralisk  
  72  6:12  Hatchery  
  72  6:17  Hydralisk  
  72  6:18  Hydralisk  
  65  6:34  Drone x3  
  65  6:35  Spore Crawler, Drone x3  
  65  6:36  Drone  
  65  6:37  Spore Crawler  
  65  6:38  Drone x2  
  71  6:47  Drone x3  
  73  6:50  Queen, Extractor x2  
  73  6:52  Queen  
  73  6:53  Hydralisk x2, Hatchery  
  79  6:56  Drone x3  
  79  7:00  Hydralisk  
  84  7:03  Drone x3  
  87  7:14  Spore Crawler  
  86  7:17  Hydralisk x2  
  86  7:22  Spore Crawler  
  89  7:24  Drone x3  
  89  7:25  Drone  
  89  7:27  Extractor  
  78  7:40  Drone x2  
  78  7:41  Drone  
  77  7:47  Drone x3  
  77  7:49  Zergling x10  
  85  7:52  Hydralisk x4  
  85  7:55  Hatchery  
  92  8:01  Drone x2  
  94  8:06  Spine Crawler  
  94  8:08  Queen  
  94  8:10  Zergling x10  
  100  8:17  Infestation Pit  
  100  8:19  Evolution Chamber  
  98  8:20  Evolution Chamber  
  98  8:21  Drone x3  
  98  8:23  Hydralisk  
  102  8:35  Overlord x2  
  102  8:36  Overlord  
  102  8:38  Overlord  
  102  8:44  Drone, Extractor  
  102  8:46  Overlord x3  
  102  8:50  Burrow  
  102  8:53  Metabolic Boost  
  102  8:58  Extractor  
  97  9:08  Zergling x6  
  97  9:09  Zergling x38  
  102  9:13  Zerg Melee Weapons Level 1  
  102  9:14  Zerg Ground Armor Level 1  
  102  9:15  Baneling Nest  
  106  9:18  Zergling x16  
  114  9:25  Drone x3  
  114  9:26  Drone x3  
  120  9:33  Swarm Host x2  
  120  9:36  Drone  
  120  9:37  Drone x6, Hatchery  
  135  9:47  Drone x3, Queen  
  135  9:48  Drone x2  
  135  9:50  Swarm Host  
  149  10:04  Drone x14  
  146  10:09  Drone x18  
  137  10:25  Drone x4  
  137  10:26  Drone  
  137  10:27  Drone  
  151  10:35  Zergling x8  
  164  10:37  Overlord x3  
  164  10:45  Centrifical Hooks  
  164  10:46  Overlord x3  
  164  10:48  Queen  
  166  10:51  Muscular Augments  
  166  10:52  Hive  
  166  11:03  Hydralisk  
  166  11:04  Hydralisk x4  
  155  11:13  Zergling x18  
  155  11:14  Zergling x16  
  162  11:22  Spire  
  157  11:32  Zergling x26  
  170  11:33  Zergling x12  
  170  11:37  Drone x3  
  170  11:38  Drone  
  180  11:40  Spore Crawler x2  
  180  11:41  Spore Crawler x3  
  172  12:05  Extractor x2  
  172  12:07  Drone x3  
  172  12:08  Drone x3  
  176  12:09  Drone x3  
  176  12:10  Drone  
  176  12:13  Spore Crawler x2, Drone  
  176  12:14  Spore Crawler, Drone  
  179  12:16  Hatchery  
  171  12:37  Corruptor  
  171  12:38  Corruptor x9  
  192  12:53  Overlord x3  
  192  12:54  Overlord, Hatchery  
  192  12:56  Zerg Flyer Armor Level 1  
  169  13:28  Drone x18  
  169  13:34  Corruptor x6  
  163  13:37  Overlord x2  
  163  13:38  Overlord  
  163  13:50  Corruptor  
  163  13:51  Corruptor x2  
  169  14:02  Corruptor x4  
  161  14:07  Drone  
  161  14:19  Corruptor x3  
  167  14:24  Spine Crawler  
  167  14:26  Spore Crawler x2, Overseer  
  167  14:28  Spore Crawler  
  147  14:43  Corruptor x2  
  147  14:44  Corruptor  
  133  14:47  Zergling x34  
  133  14:48  Zergling x4  
  136  15:04  Corruptor x2  
  131  15:14  Spore Crawler, Extractor  
  131  15:15  Spore Crawler, Extractor  
  131  15:16  Spore Crawler, Drone x3  
  131  15:17  Drone x2  
  131  15:18  Drone  
  131  15:28  Corruptor x2  
  112  15:47  Spore Crawler, Zergling x4, Hatchery  
  111  15:54  Extractor  
  106  15:59  Lair  
  96  16:19  Lair  
  96  16:33  Extractor  
  96  16:35  Spore Crawler x2  
  96  16:36  Spore Crawler  
  96  16:37  Spore Crawler  
  85  16:58  Drone x2  
  85  16:59  Spire  
  75  17:10  Drone x3  
  75  17:12  Drone x3, Extractor  
  72  17:55  Hydralisk x8  
  72  17:56  Hydralisk  
Tags
 
Add a new tag
Caveats
  • Supply blocks, unpowered buildings, or Contaminate may cause inaccurate times.
  • Supply counts are checked every 10 seconds.